 Dungeon Crawl Stone Soup version 0.31-a0-43-g46d131a48f (webtiles) character file.

Game seed: 14218314749568004937

14685 IdlyInterested the Jinx (level 11, -3/84 HPs)
             Began as a Demonspawn Wanderer on May 18, 2023.
             Slain by a polar bear simulacrum (18 damage)
             ... in an ice cave on May 19, 2023.
             The game lasted 00:57:54 (10712 turns).

IdlyInterested the Jinx (Demonspawn Wanderer)      Turns: 10712, Time: 00:57:55

Health: -3/84      AC: 22    Str: 12    XL:     11   Next: 92%
Magic:  21/21      EV: 13    Int: 22    God:
Gold:   1111       SH:  0    Dex: 17    Spells: 12/23 levels left

rFire   . . .        y - +5 broad axe "Goyrrih" {flame, +Blink Fly Str+2}
rCold   . . .        (no shield)
rNeg    . . .        t - +7 chain mail of Evinaoff {Will++ Str-3 Dex+3 Slay+3}
rPois   .            g - +1 helmet
rElec   .            b - +0 cloak
rCorr   .            K - +1 pair of gloves
SInv    .            (no boots)
Will    ++...        l - amulet of regeneration Stlth
                     j - ring of wizardry
HPRegen 1.14/turn    B - +6 ring of intelligence
MPRegen 0.17/turn

%: wizardry (x1)
@: agile, flying
A: hooves 2, foul stench 2, powered by pain 1
a: Evoke Blink


You were in an ice cave.
You visited 2 branches of the dungeon, and saw 12 of its levels.
You also visited: Ossuary, Bailey and Ice Cave.

You collected 1251 gold pieces.
You spent 140 gold pieces at shops.

Inventory:

Hand Weapons
 s - the +5 scimitar of Compound Interest {heavy, rC+}
   (You found it on level 8 of the Dungeon)

   rC:        It protects you from cold.
 y - the +5 broad axe "Goyrrih" (weapon) {flame, +Blink Fly Str+2}
   (You found it in a bailey)

   Str:       It affects your strength (+2).
   Fly:       It grants you flight.
   +Blink:    It lets you blink.
 O - the +6 mace "Beetleslayer" {drain, rElec SInv}
   (You found it on level 6 of the Dungeon)

   rElec:     It insulates you from electricity.
   SInv:      It lets you see invisible.
Missiles
 h - 21 boomerangs
 i - a throwing net
 u - 4 atropa-tipped darts
 z - 4 datura-tipped darts
 H - 4 silver boomerangs
 P - 4 javelins
 T - 11 curare-tipped darts
 V - 3 silver javelins
Armour
 b - a +0 cloak (worn)
 f - an orb of mayhem
 g - a +1 helmet (worn)
 t - the +7 chain mail of Evinaoff (worn) {Will++ Str-3 Dex+3 Slay+3}
   (You found it on level 2 of the Dungeon)

   Str:       It affects your strength (-3).
   Dex:       It affects your dexterity (+3).
   Slay:      It affects your accuracy & damage with ranged weapons and melee
   (+3).
   Will:      It greatly increases your willpower.
 K - a +1 pair of gloves (worn)
Jewellery
 j - a ring of wizardry (left hand)
 l - an amulet of regeneration (around neck)
 A - a ring of fire
 B - a +6 ring of intelligence (right hand)
 E - a ring of fire
 N - a +6 ring of strength
Wands
 F - a wand of flame (16)
 M - a wand of roots (26)
 Q - a wand of mindburst (8)
 U - a wand of polymorph (15)
Scrolls
 a - a scroll of brand weapon
 d - 2 scrolls of amnesia
 k - a scroll of poison
 m - 2 scrolls of enchant weapon
 o - 2 scrolls of vulnerability
 x - 2 scrolls of fear
 C - a scroll of enchant armour
 I - 2 scrolls of fog
 J - 4 scrolls of teleportation
Potions
 c - a potion of haste
 q - a potion of resistance
 r - a potion of mutation
 D - 3 potions of flight
 G - a potion of invisibility
 R - 2 potions of brilliance
 S - a potion of berserk rage
 W - a potion of curing
 X - a potion of cancellation
 Z - a potion of might


   Skills:
 - Level 7.0 Fighting
 - Level 2.6 Ranged Weapons
 - Level 2.0 Throwing
 + Level 5.8 Armour
 - Level 5.0 Dodging
 - Level 2.0 Stealth
 + Level 6.7 Spellcasting
 * Level 14.0 Hexes
 - Level 2.0 Evocations


You had 12 spell levels left.
You knew the following spells:

 Your Spells              Type           Power      Damage    Failure   Level
a - Slow                  Hex            100%       N/A       1%          1
b - Tukima's Dance        Hex            62%        N/A       1%          3
c - Cause Fear            Hex            31%        N/A       1%          4
d - Confusing Touch       Hex            62%        N/A       1%          3

Your spell library contained the following spells:

 Spells                   Type           Power      Damage    Failure   Level
 Kiss of Death            Conj/Necr      28%        2d7       52%         1
 Sublimation of Blood     Necr           7%         N/A       65%         2
 Wereblood                Tmut           7%         N/A       65%         2
 Dispel Undead            Necr           7%         3d8       99%         4
 Summon Hydra             Summ           3%         N/A       100%        7


Dungeon Overview and Level Annotations

Branches:
Dungeon (11/15)            Temple (1/1) D:5            Lair (0/5) D:9
    Orc (0/2) D:10        Ossuary (visited)          Bailey (visited)
  IceCv (1/1)

Altars:
Ashenzari
Cheibriados
Dithmenos
Fedhas
Gozag
Hepliaklqana
Kikubaaqudgha
Makhleb
Nemelex Xobeh
Okawaru
Qazlal
Ru
Sif Muna
Trog
Uskayaw
Vehumet
Wu Jian
Xom
Yredelemnul

Shops:
D:6 ::   D:7 (


Innate Abilities, Weirdness & Mutations

You have hoof-like feet.
You sometimes emit foul miasma when damaged in melee.
You sometimes gain a little power by taking damage.


Message History

You hit the ice devil but do no damage.
You kick the ice devil, but do no damage.
The ice devil is heavily wounded.
You slash the spriggan simulacrum!
You melt the spriggan simulacrum.
You hit the death yak simulacrum.
You melt the death yak simulacrum.
The ice devil hits you but does no damage. x2
The spriggan simulacrum closely misses you.
The death yak simulacrum gores you but does no damage.
You hit the ice devil but do no damage.
The ice devil is heavily wounded.
You barely miss the spriggan simulacrum.
You hit the death yak simulacrum but do no damage.
The ice devil hits you but does no damage.
The spriggan simulacrum hits you but does no damage.
The death yak simulacrum barely misses you.
The ice devil misses you.
You slash the ice devil! You burn the ice devil.
You kick the ice devil, but do no damage.
The ice devil is almost dead.
You hit the spriggan simulacrum.
You melt the spriggan simulacrum.
You slash the death yak simulacrum!
You melt the death yak simulacrum.
The spriggan simulacrum hits you but does no damage.
The death yak simulacrum barely misses you.
The ice devil hits you but does no damage.
You hit the ice devil. You burn the ice devil.
The ice devil is almost dead.
You barely miss the spriggan simulacrum.
You slash the death yak simulacrum!
You melt the death yak simulacrum.
The death yak simulacrum vaporises!
The ice devil barely misses you.
The spriggan simulacrum barely misses you.
The ice devil barely misses you. The spriggan simulacrum hits you.
The spriggan simulacrum freezes you!!
* * * LOW HITPOINT WARNING * * *
You focus on the pain.
You feel more agile all of a sudden. The polar bear simulacrum bites you.
* * * LOW HITPOINT WARNING * * *
The polar bear simulacrum freezes you!!
You die...

##.. ##... #.....
...... #### ......#
######..## .......###
##..##....##
......Z..###..........#
......4@..#.......∩.∩.#
......Z##....##.......#
......# ##..#####....##
...... #### ##..##
#.#.# #### # ##


You could see an ice devil, a polar bear simulacrum and a spriggan simulacrum.

Vanquished Creatures
  The ghost of artmatt the Cleaver, a novice MiFi of Makhleb (D:10)
  An orange crystal statue (D:9)
  Pikel (D:6)
  The ghost of lunkers the Destroyer, a novice MeWn (D:6)
  A kobold demonologist (D:6)
  A komodo dragon (D:9)
  2 ice devils (D:11)
  2 trolls
  Prince Ribbit (D:8)
  Sigmund (D:6)
  2 shadows
  18 yaks
  2 wraiths
  A vampire mosquito (D:8)
  A death yak simulacrum (IceCv)
  Edmund (D:5)
  A water moccasin (D:6)
  10 orc warriors
  2 ice beasts (D:6)
  2 sky beasts
  2 black bears
  An ogre (D:6)
  A centaur (D:8)
  A lemure (D:6)
  11 kobold brigands
  Blork the orc (D:6)
  6 bullfrogs
  A gnoll sergeant (D:9)
  7 scorpions
  2 wights (D:8)
  7 killer bees
  2 howler monkeys
  A hound (D:6)
  2 jellies (D:6)
  3 gnoll boudas
  5 orc priests
  14 orc wizards
  Natasha (D:2)
  2 sleepcaps
  2 mummies (Ossuary)
  25 gnolls
  6 adders
  A naga simulacrum (IceCv)
  2 white imps (IceCv)
  An ufetubus (D:7)
  A worm (D:3)
  3 dart slugs
  30 orcs
  7 bats
  5 endoplasms
  7 giant cockroaches
  4 gnoll zombies (Ossuary)
  6 goblins
  10 hobgoblins
  14 kobolds
  A quokka (D:4)
  7 ball pythons
  2 frilled lizards
  5 goblin zombies (Ossuary)
  2 hobgoblin zombies (Ossuary)
  3 orc zombies (Ossuary)
  6 rats
  A butterfly (D:7)
273 creatures vanquished.

Vanquished Creatures (collateral kills)
  A two-headed ogre (D:9)
  Joseph (D:8)
  2 dancing weapons (D:10)
  8 orc warriors
  2 centaurs
  5 kobold brigands (D:6)
  A gnoll sergeant (D:9)
  A wight (D:8)
  3 orc priests
  2 orc wizards
  3 gnolls
  9 orcs
  5 kobolds (Bailey)
43 creatures vanquished.

Vanquished Creatures (others)
  8 dancing weapons
  2 orcs (D:10)
10 creatures vanquished.

Grand Total: 326 creatures vanquished

Notes
Turn   | Place    | Note
-------+----------+-------------------------------------------
     0 | D:1      | IdlyInterested the Demonspawn Wanderer began the quest for
                  | the Orb.
     0 | D:1      | IdlyInterested set off with the following items: a +2
                  | sling, a +0 cloak, a potion of haste, a +0 robe; and the
                  | following spell memorised: Slow; and the following spells
                  | available to memorise: Tukima's Dance.
     0 | D:1      | Reached XP level 1. HP: 13/13 MP: 2/2
   271 | D:1      | Gained mutation: You may rarely emit foul miasma when
                  | damaged in melee. [demonic ancestry]
   271 | D:1      | Reached XP level 2. HP: 16/20 MP: 1/3
   384 | D:1      | Reached skill level 1 in Fighting
   384 | D:1      | Reached skill level 1 in Evocations
  1601 | D:2      | Reached XP level 3. HP: 26/26 MP: 4/4
  1653 | D:2      | Identified the +7 chain mail of Evinaoff {Will++ Str-3
                  | Dex+3 Slay+3}
  1841 | D:2      | Noticed Natasha
  1851 | D:2      | Killed Natasha
  1852 | D:2      | Reached skill level 1 in Throwing
  2195 | D:3      | Gained mutation: You sometimes gain a little power by
                  | taking damage. [demonic ancestry]
  2195 | D:3      | Reached XP level 4. HP: 34/34 MP: 5/5
  2334 | D:3      | Reached skill level 2 in Hexes
  2794 | D:3      | Reached XP level 5. HP: 41/41 MP: 6/6
  3017 | D:3      | Found an ornate altar of the Wu Jian Council.
  3023 | D:3      | Noticed a spectral centipede
  3023 | D:3      | Noticed a spectral black mamba
  3023 | D:3      | Noticed a spectral cane toad
  3523 | D:4      | Noticed a black bear
  3541 | D:4      | Killed a black bear
  3542 | D:4      | Reached skill level 3 in Hexes
  3542 | D:4      | Gained mutation: You have large cloven feet. [demonic
                  | ancestry]
  3542 | D:4      | Reached XP level 6. HP: 34/48 MP: 7/7
  3546 | D:4      | Learned a level 3 spell: Tukima's Dance
  3575 | D:4      | Reached skill level 4 in Hexes
  4155 | D:5      | Entered Level 5 of the Dungeon
  4284 | D:5      | Found a sand-covered staircase.
  4294 | Ossuary  | Entered an ossuary
  4306 | Ossuary  | Reached skill level 5 in Hexes
  4530 | D:5      | Found a staircase to the Ecumenical Temple.
  4540 | Temple   | Entered the Ecumenical Temple
  4900 | D:5      | Found a sacrificial altar of Ru.
  5089 | D:5      | Reached XP level 7. HP: 42/54 MP: 10/10
  5109 | D:5      | Found an opulent altar of Gozag.
  5110 | D:5      | Noticed Edmund
  5121 | D:5      | Killed Edmund
  5443 | D:6      | Reached skill level 6 in Hexes
  5484 | D:6      | Noticed Sigmund
  5516 | D:6      | Gained mutation: You sometimes emit foul miasma when
                  | damaged in melee. [demonic ancestry]
  5516 | D:6      | Reached XP level 8. HP: 14/60 MP: 12/12
  5527 | D:6      | Killed Sigmund
  5587 | D:6      | Reached skill level 7 in Hexes
  5630 | D:6      | Found Coewam's Book Shoppe.
  5845 | D:6      | Identified the +6 mace "Beetleslayer" {drain, rElec SInv}
  5904 | D:6      | Noticed Pikel
  5925 | D:6      | Killed Pikel
  5926 | D:6      | Reached skill level 8 in Hexes
  5977 | D:6      | Noticed Blork the orc
  5984 | D:6      | Killed Blork the orc
  5996 | D:6      | Gained mutation: You have hoof-like feet. [demonic
                  | ancestry]
  5996 | D:6      | Reached XP level 9. HP: 38/67 MP: 15/15
  6084 | D:6      | Reached skill level 5 in Fighting
  6085 | D:6      | Found Istra's Tiny Tomes.
  6092 | D:6      | Bought the Collected Works on Malisons for 140 gold pieces
  6097 | D:6      | Learned a level 4 spell: Cause Fear
  6259 | D:6      | Found a runed translucent gate.
  6259 | D:6      | Found a runed translucent gate.
  6259 | D:6      | Found a runed translucent gate.
  6260 | D:6      | Noticed a kobold demonologist
  6260 | D:6      | Noticed lunkers's ghost (novice MeWn)
  6365 | D:6      | Reached skill level 9 in Hexes
  6376 | D:6      | Killed lunkers's ghost
  6408 | D:6      | Noticed an orange demon
  6409 | D:6      | Noticed a smoke demon
  6410 | D:6      | Killed a kobold demonologist
  6411 | D:6      | Reached skill level 5 in Spellcasting
  6411 | D:6      | Reached skill level 10 in Hexes
  6716 | D:7      | Found a runed translucent door.
  6720 | D:7      | Found a runed translucent door.
  6748 | D:7      | Reached XP level 10. HP: 74/74 MP: 14/17
  7096 | D:7      | Found Heheluubb's Weapon Emporium.
  7337 | D:8      | Reached skill level 11 in Hexes
  7801 | D:8      | Found a broken altar of Ashenzari.
  7840 | D:8      | Identified the +5 scimitar of Compound Interest {heavy,
                  | rC+}
  7856 | D:8      | Noticed Prince Ribbit
  7856 | D:8      | Noticed Joseph
  7871 | D:8      | Killed Joseph
  7882 | D:8      | Killed Prince Ribbit
  8150 | D:8      | Reached skill level 12 in Hexes
  8151 | D:8      | Found a bloodstained altar of Trog.
  8256 | D:9      | Noticed a two-headed ogre
  8263 | D:9      | Killed a two-headed ogre
  8513 | D:9      | Reached XP level 11. HP: 81/81 MP: 18/20
  8518 | D:9      | Reached skill level 5 in Armour
  8528 | D:9      | Noticed an orange crystal statue
  8553 | D:9      | Killed an orange crystal statue
  8667 | D:9      | Learned a level 3 spell: Confusing Touch
  8894 | D:9      | Found a blossoming altar of Fedhas.
  8926 | D:9      | Found a staircase to the Lair.
  9396 | D:10     | Entered Level 10 of the Dungeon
  9499 | D:10     | Found a shimmering altar of Xom.
  9510 | D:10     | Reached skill level 13 in Hexes
  9567 | D:10     | Reached skill level 5 in Dodging
  9586 | D:10     | Found a flagged portal.
  9620 | Bailey   | Entered a bailey
  9700 | Bailey   | Identified the +5 broad axe "Goyrrih" {flame, +Blink Fly
                  | Str+2}
  9769 | Bailey   | Found a burning altar of Makhleb.
 10141 | D:10     | Found a staircase to the Orcish Mines.
 10379 | D:10     | Found a large runed translucent door.
 10380 | D:10     | Found a large runed translucent door.
 10383 | D:10     | Noticed artmatt's ghost (novice MiFi)
 10397 | D:10     | Killed artmatt's ghost
 10602 | D:11     | Found a frozen archway.
 10610 | D:11     | HP: 1/84 [ice devil (23)]
 10612 | D:11     | Reached skill level 14 in Hexes
 10689 | IceCv    | Entered an ice cave
 10712 | IceCv    | Slain by a polar bear simulacrum

Illustrated notes

Levels and vault maps discovered:
D:1:      dpeg_arrival_houses_and_road, layout_basic
D:2:      layout_loops_corners, uniq_natasha
D:3:      layout_basic, pdpol_wu_jian_five_deadly_venoms,
          kennysheep_generic_room_11
D:4:      layout_loops_ring, minmay_misc_feat_hallway
D:5:      layout_loops_ring, lemuel_round_altar,
          nicolae_gozag_cash_rules_everything_around_me,
          minmay_temple_entry_arrows, enter_ossuary_1, nicolae_titane,
          uniq_edmund
D:6:      layout_loops_cross, gammafunk_ghost_nasty_kobolds, serial_shops, shop,
          nicolae_shop_i_like_small_books_too, uniq_sigmund, uniq_pikel,
          uniq_blork_the_orc
D:7:      lemuel_insect_pit, layout_rooms, serial_shops,
          nicolae_shop_hallway_plus
D:8:      minmay_chambers_of_sixes, layout_rooms, lemuel_coloured_pillars_altar,
          lemuel_crystal_altar, hangedman_abyss_or_decor_lesser_grid,
          uniq_joseph, uniq_prince_ribbit1
D:9:      minmay_spotlight, layout_loops_ring, nicolae_tso_carved_into_rock,
          nicolae_overflow_hidden_temple, grunt_lair_entry_orc_guard_hut,
          minivault_16
D:10:     layout_loops_ring, xom_teletrap_fun, david_orc_5,
          ebering_ghost_disaster_area, enter_bailey_6
D:11:     nicolae_cairo_tiling_large_dashed, layout_stronghold,
          portal_ice_cave_demonic_guard, vehumet_crystals
Temple:   minmay_temple_curvy_branch
IceCv:    ice_cave_small_demon

Skill      XL: |  1  2  3  4  5  6  7  8  9 10 11 |
---------------+----------------------------------+-----
Fighting       | 1 2 3 4 5 6 7 |  7.0
Evocations     | 1 2 |  2.0
Throwing       | 1 2 |  2.0
Hexes          | 2 3 5 6 8 10 12 14 | 14.0
Dodging        | 2 3 4 5 |  5.0
Spellcasting   | 2 3 4 5 6 |  6.7
Armour         | 2 3 4 5 |  5.8
Stealth        | 2 |  2.0
Ranged Weapons | |  2.6

Action                     |  1- 3 |  4- 6 |  7- 9 | 10-12 || total
---------------------------+-------+-------+-------+-------++-------
  Melee: Short sword       |    33 |       |       |       ||    33
         Dagger            |    48 |    12 |       |       ||    60
         Hand axe          |       |   145 |    84 |       ||   229
         Punch             |       |     2 |     1 |     4 ||     7
         Kick              |       |    26 |    65 |   136 ||   227
         Mace              |       |       |   100 |   339 ||   439
         Broad axe         |       |       |       |    82 ||    82
   Fire: Sling             |    16 |       |       |       ||    16
  Throw: Stone             |     5 |     7 |       |       ||    12
         Dart              |       |       |       |     3 ||     3
   Cast: Slow              |    13 |     5 |    16 |    24 ||    58
         Tukima's Dance    |       |       |     9 |    48 ||    57
  Evoke: Wand              |       |       |     1 |     1 ||     2
    Use: Scroll            |     3 |     5 |     5 |    14 ||    27
         Potion            |     1 |       |     2 |     2 ||     5
   Stab: Sleeping          |     3 |       |       |       ||     3
 Armour: Leather armour    |    13 |       |       |       ||    13
         Chain mail        |    26 |   139 |   181 |   511 ||   857
  Dodge: Dodged            |    55 |    40 |    54 |   285 ||   434

Table legend: (Time is in decaauts)
 A = Elapsed time spent in this place.
 B = Non-inter-level travel time spent in this place.
 C = Inter-level travel time spent in this place.
 D = Time resting spent in this place.
 E = Time spent auto-exploring this place.
 F = Levels seen in this place.
 G = Mean time per level.
                   A        B        C        D        E       F      G
               +--------+--------+--------+--------+--------+-----+--------+
         Total |  11042 |   9579 |   1463 |    920 |   5326 |  15 |  736.1 |
       Dungeon |  10383 |   8920 |   1463 |    886 |   4967 |  11 |  943.9 |
        Temple |    260 |    260 |      0 |      0 |    255 |   1 |  260.0 |
       Ossuary |    120 |    120 |      0 |      0 |     45 |   1 |  120.0 |
        Bailey |    248 |    248 |      0 |     34 |     59 |   1 |  248.0 |
      Ice Cave |     29 |     29 |      0 |      0 |      0 |   1 |   29.0 |
               +--------+--------+--------+--------+--------+-----+--------+

Top non-repeatable levels by time:
     D:9: 1254 daAuts
     D:2: 1254 daAuts
     D:1: 1165 daAuts
     D:6: 1161 daAuts
     D:8: 1033 daAuts
     D:3: 1018 daAuts
     D:5: 985 daAuts
    D:10: 965 daAuts
     D:4: 763 daAuts
     D:7: 644 daAuts
  Temple: 260 daAuts
  Bailey: 248 daAuts
    D:11: 137 daAuts
 Ossuary: 120 daAuts
   IceCv: 29 daAuts
